 Dungeon Crawl Stone Soup version 0.31.0-7-gf635a9b802 (webtiles) character file.

Game seed: 13520664873474659013

570 nicanaca0 the Cleaver (level 7, -13/57 HPs)
             Began as a Minotaur Berserker on Jan 23, 2024.
             Was a Believer of Trog.
             Mangled by an ogre
             ... wielding a +0 giant spiked club
              (30 damage)
             ... on level 4 of the Dungeon.
             The game lasted 00:05:35 (3092 turns).

nicanaca0 the Cleaver (Minotaur Berserker)          Turns: 3092, Time: 00:05:36

Health: -13/57     AC:  7    Str: 22    XL:     7   Next: 11%
Magic:  6/6        EV: 10    Int:  6    God:    Trog [**....]
Gold:   169        SH:  0    Dex:  9    Spells: 6/6 levels left

rFire   . . .        e - +3 spear
rCold   . . .        (no shield)
rNeg    . . .        r - +0 scale mail
rPois   .            (helmet restricted)
rElec   .            (no cloak)
rCorr   .            b - +0 pair of gloves
SInv    .            (no boots)
Will    .....        (no amulet) Stlth
                     (no ring)
HPRegen 0.29/turn    (no ring)
MPRegen 0.10/turn

%: no passive effects
@: no status effects
A: horns 2, retaliatory headbutt
a: Renounce Religion, Berserk, Trog's Hand


You were on level 4 of the Dungeon.
You worshipped Trog.
Trog was pleased with you.
You visited 1 branch of the dungeon, and saw 4 of its levels.

You collected 169 gold pieces.

Inventory:

Hand Weapons
 a - a +0 hand axe
 e - a +3 spear (weapon)
Missiles
 q - 5 javelins
Armour
 b - a +0 pair of gloves (worn)
 h - a +0 plate armour
 o - a +0 ring mail
 r - a +0 scale mail (worn)
Wands
 m - a wand of paralysis (11)
 t - a wand of mindburst (12)
Scrolls
 d - 3 scrolls of revelation {unknown}
 f - 4 scrolls of identify {unknown}
 i - 8 scrolls of teleportation {unknown}
 j - a scroll of acquirement {unknown}
 l - a scroll of fear {unknown}
 p - a scroll of amnesia {unknown}
 u - a scroll of vulnerability {unknown}
 v - 3 scrolls of fog {unknown}
Potions
 c - 2 potions of invisibility {unknown}
 g - 2 potions of heal wounds {unknown}
 k - 2 potions of curing {unknown}
 n - a potion of enlightenment {unknown}
 s - 2 potions of lignification {unknown}


   Skills:
 - Level 3.6 Fighting
 * Level 9.9 Axes
 - Level 2.4 Armour
 - Level 2.1 Dodging


You had 6 spell levels left.
You didn't know any spells.
Your spell library was empty.

Dungeon Overview and Level Annotations

Branches:
Dungeon (4/15)             Temple (0/1) D:4

Altars:
Xom

Shops:
D:4 *


Innate Abilities, Weirdness & Mutations

You have a pair of horns on your head.
You reflexively headbutt those who attack you in melee.


Message History

No target in view!
Search for what [Enter for "."]? axce Can't find anything matching that.
Search for what [Enter for "axce", or ? for help]? axe Unknown command.
Items here: ))) [[ ††.
You see here a +0 chain mail.
You feel the effects of Trog's Hand fading.
Your skin stops crawling.
You feel less strong-willed.
You open the door.
There is an open door here.
s - 2 glowing orange potions (gained 1)
You open the door.
An ogre comes into view. It is wielding a +0 giant spiked club.
The ogre shouts!
There is an open door here.
An ogre is nearby!
An ogre is nearby!
An ogre is nearby!
You hit the ogre. Your headbutt misses the ogre.
The ogre is lightly wounded.
You puncture the ogre!
The ogre is moderately wounded.
The ogre hits you with a +0 giant spiked club!
You are too injured to fight recklessly!
You are too injured to fight recklessly!
You are too injured to fight recklessly!
You are too injured to fight recklessly!
You are too injured to fight recklessly!
You hit the ogre.
The ogre is heavily wounded.
The ogre hits you with a +0 giant spiked club!!
* * * LOW HITPOINT WARNING * * *
You puncture the ogre!
The ogre is almost dead.
You hit the ogre.
The ogre is almost dead.
The ogre hits you with a +0 giant spiked club!!
Ouch! That really hurt!
You die...

#.....#....[.......
#.....'............
#.....#.....#######
#.....#.....##
#.....#......#
#.....########
#.....#.....##
#.....#O......
#.....@...$...
#.....#.......
#.....########
#######


You could see an ogre.

Vanquished Creatures
  Sigmund (D:3)
  2 ogres (D:4)
  A bombardier beetle (D:4)
  An orc priest (D:4)
  2 orc wizards (D:4)
  4 adders
  2 dart slugs
  A ribbon worm (D:3)
  8 orcs
  4 ball pythons
  7 endoplasms
  5 giant cockroaches
  3 goblins (D:2)
  5 hobgoblins
  2 jackals (D:1)
  2 quokkas
  7 bats
  5 frilled lizards
  6 kobolds
  8 rats
76 creatures vanquished.

Notes
Turn   | Place    | Note
-------+----------+-------------------------------------------
     0 | D:1      | nicanaca0 the Minotaur Berserker began the quest for the
                  | Orb.
     0 | D:1      | Reached XP level 1. HP: 19/19 MP: 0/0
    84 | D:1      | Reached skill level 4 in Axes
   240 | D:1      | Reached XP level 2. HP: 24/26 MP: 1/1
   476 | D:1      | Reached skill level 5 in Axes
   560 | D:1      | Reached XP level 3. HP: 31/31 MP: 2/2
  1357 | D:2      | Reached ** piety under Trog
  1745 | D:3      | Identified the +4 rapier "Caosepredasm" {holy, Will+}
  1813 | D:3      | Noticed Sigmund
  1820 | D:3      | Killed Sigmund
  1821 | D:3      | Reached skill level 7 in Axes
  1821 | D:3      | Reached XP level 4. HP: 29/39 MP: 3/3
  1821 | D:3      | Reached XP level 5. HP: 33/45 MP: 4/4
  1975 | D:3      | Reached skill level 8 in Axes
  2544 | D:4      | Reached XP level 6. HP: 51/51 MP: 5/5
  2552 | D:4      | Found a staircase to the Ecumenical Temple.
  2562 | D:4      | Found a shimmering altar of Xom.
  2562 | D:4      | Found a shimmering altar of Xom.
  2603 | D:4      | Found a shimmering altar of Xom.
  2605 | D:4      | Found a shimmering altar of Xom.
  2607 | D:4      | Found a shimmering altar of Xom.
  2608 | D:4      | Found a shimmering altar of Xom.
  2609 | D:4      | Found a shimmering altar of Xom.
  2746 | D:4      | Found Ziluu's General Store.
  2757 | D:4      | Reached skill level 9 in Axes
  2961 | D:4      | Reached XP level 7. HP: 34/57 MP: 6/6
  3092 | D:4      | Mangled by an ogre

Illustrated notes

Levels and vault maps discovered:
D:1:      tarquinn_simple_flora_water_e, layout_loops_ring
D:2:      layout_basic, minmay_fountain_box, minmay_tromino_i4
D:3:      layout_loops_corners, minmay_randomly_rotated_circles, uniq_sigmund
D:4:      layout_gridville, xom_redecorated, minmay_temple_entry_overgrown,
          serial_shops, nicolae_diamond_shop, uniq_edmund

Skill      XL: |  1  2  3  4  5  6 |
---------------+-------------------+-----
Axes           | 4 5 7 8 9 |  9.9
Fighting       | |  3.6
Armour         | |  2.4
Dodging        | |  2.1

Action                     |  1- 3 |  4- 6 |  7- 9 || total
---------------------------+-------+-------+-------++-------
  Melee: Hand axe          |    18 |       |       ||    18
         Headbutt          |    10 |    14 |     1 ||    25
         Spear             |    80 |    74 |    19 ||   173
         Punch             |       |     1 |       ||     1
  Throw: Stone             |    51 |    13 |       ||    64
         Dart              |       |     6 |       ||     6
 Invoke: Berserk           |     2 |       |       ||     2
         Trog's Hand       |       |     1 |     1 ||     2
 Armour: Animal skin       |    18 |       |       ||    18
         Ring mail         |    13 |       |       ||    13
         Scale mail        |     5 |    38 |     8 ||    51
         Plate armour      |     2 |       |       ||     2
  Dodge: Dodged            |    26 |    12 |     8 ||    46
